 Dungeon Crawl Stone Soup version 0.27-a0-789-g6bb3289e1e (webtiles) character file.

Game seed: 18252940235827547398

109293 jestyr24 the Eclecticist (level 16, -5/87 HPs)
             Began as a Deep Elf Conjurer on Mar 24, 2021.
             Was a High Priest of the Shining One.
             Slain by a six-headed hydra (6 damage)
             ... while petrified by a basilisk
             ... on level 5 of the Lair of Beasts on Mar 26, 2021.
             The game lasted 03:54:21 (23280 turns).

jestyr24 the Eclecticist (Deep Elf Conjurer)       Turns: 23280, Time: 03:54:22

Health: -5/87      AC: 15    Str:  4    XL:     16   Next: 4%
Magic:  36/39      EV:  2    Int: 31    God:    the Shining One [*****.]
Gold:   1325       SH:  0    Dex: 13    Spells: 31/49 levels left

rFire    . . .     SeeInvis .   v - staff of conjuration
rCold    . . .     Faith    .   D - +0 buckler
rNeg     + + +     Spirit   .   F - +1 robe {Archmagi}
rPois    ∞         Reflect  +   O - +2 helmet
rElec    .         Harm     .   S - +2 cloak
rCorr    +         Rampage  .   c - +0 pair of gloves
Will     +....                  N - +0 pair of boots
Stlth    ++........             G - amulet of reflection
HPRegen  0.24/turn              s - ring of resist corrosion
MPRegen  0.26/turn              H - +4 ring of protection

@: lethally poisoned (-5 -> -5), petrified, glowing
A: no striking features
a: Renounce Religion, Divine Shield, Cleansing Flame, Summon Divine Warrior


You were on level 5 of the Lair of Beasts.
You worshipped the Shining One.
The Shining One was extremely pleased with you.
You visited 2 branches of the dungeon, and saw 18 of its levels.

You collected 1325 gold pieces.

Inventory:

Hand Weapons
 w - a +2 hand crossbow of flaming
 M - a +0 long sword of holy wrath
Missiles
 k - 30 boomerangs
 A - 157 bolts
 Y - 6 silver boomerangs
Armour
 c - a +0 pair of gloves (worn)
 d - the +5 scale mail of the Dolphin {rCorr SInv}
   (You found it on level 9 of the Dungeon)

   It lets you see invisible.
   It provides partial protection from all sources of acid and corrosion.
 y - the +4 robe of Augmentation {Str+4 Int+4 Dex+4}
   (You found it on level 4 of the Dungeon)

   It affects your strength (+4).
   It affects your intelligence (+4).
   It affects your dexterity (+4).
 D - a +0 buckler (worn)
 F - a +1 robe of the Archmagi (worn)
 N - a +0 pair of boots (worn)
 O - a +2 helmet (worn)
 S - a +2 cloak (worn)
Magical Staves
 v - a staff of conjuration (weapon)
 R - a staff of air
Jewellery
 i - an amulet of guardian spirit
 s - a ring of resist corrosion (right hand)
 G - an amulet of reflection (around neck)
 H - a +4 ring of protection (left hand)
 T - a ring of protection from cold
Wands
 u - a wand of flame (47)
 B - a wand of acid (3)
 E - a wand of mindburst (32)
 I - a wand of digging (12)
 L - a wand of random effects (33)
 P - a wand of polymorph (23)
 Q - a wand of paralysis (12)
 U - a wand of iceblast (34)
Scrolls
 b - 2 scrolls of enchant weapon
 f - 4 scrolls of magic mapping
 m - 2 scrolls of immolation
 n - 2 scrolls of silence
 q - 4 scrolls of fog
 K - a scroll of fear
Potions
 e - a potion of brilliance
 h - 3 potions of curing
 j - 2 potions of might
 l - 4 potions of haste
 p - 2 potions of flight
 t - 2 potions of berserk rage
 J - a potion of attraction {unknown}
 V - a potion of mutation {unknown}
Miscellaneous
 a - a box of beasts (inert)
 z - a phantom mirror (inert)
 X - a tin of tremorstones (2/2)


   Skills:
 + Level 5.2 Fighting
 + Level 7.7 Dodging
 + Level 8.0 Stealth
 - Level 4.6 Shields
 + Level 17.2 Spellcasting
 + Level 14.4 Conjurations
 + Level 15.4 Hexes
 + Level 5.6 Invocations
 + Level 5.5 Evocations


You had 31 spell levels left.
You knew the following spells:

 Your Spells              Type           Power      Damage    Failure   Level
a - Magic Dart            Conj           100%       1d8       0%          1
b - Searing Ray           Conj           100%       3d7       0%          2
c - Fulminant Prism       Conj/Hex       66%        3d28      1%          4
d - Dazzling Flash        Conj/Hex       100%       N/A       0%          3
e - Confusing Touch       Hex            100%       N/A       0%          3
f - Metabolic Englaciati  Hex/Ice        42%        N/A       1%          5

Your spell library contained the following spells:

 Spells                   Type           Power      Damage    Failure   Level
 Tukima's Dance           Hex            100%       N/A       0%          3
 Apportation              Tloc           80%        N/A       1%          1
 Iskenderun's Mystic Bla  Conj/Tloc      100%       2d19      1%          4
 Yara's Violent Unravell  Hex/Tmut       42%        3d17      1%          5
 Invisibility             Hex            100%       N/A       1%          6
 Gell's Gravitas          Tloc           20%        N/A       4%          3
 Lesser Beckoning         Tloc           20%        N/A       4%          3
 Petrify                  Tmut/Erth      40%        N/A       16%         4
 Alistair's Intoxication  Tmut/Pois      26%        N/A       41%         5


Dungeon Overview and Level Annotations

Branches:
Dungeon (12/15)            Temple (0/1) D:6            Lair (6/6) D:9
 Shoals (0/4) Lair:3        Slime (0/5) Lair:5          Orc (0/2) D:9
  Snake: Lair:2-4    Spider: Lair:2-4

Altars:
Ashenzari
Cheibriados
Fedhas
Trog
Wu Jian
Xom
Yredelemnul
The Shining One
Jiyva

Shops:
D:3 (

Portals:
Trove: D:12 (give 18 potions of curing)

Annotations:
Lair:5 1 runed translucent door


Message History

Unknown command.
Really release a tremorstone near your ally the six-headed hydra?
This attack would place you under penance!
Okay, then.
Okay, then.
Casting: Searing Ray (safe; 0% risk of failure)
Confirm with . or Enter, or press ? or * to list all spells.
Okay, then.
Casting: Searing Ray (safe; 0% risk of failure)
Confirm with . or Enter, or press ? or * to list all spells.
Okay, then.
Unknown command.
Casting: Searing Ray (safe; 0% risk of failure)
Confirm with . or Enter, or press ? or * to list all spells.
You feel a strong surge of power!
Really dazzle near your ally the six-headed hydra?
This attack would place you under penance!
Uppercase [Y]es or [N]o only, please.
Really dazzle near your ally the six-headed hydra?
This attack would place you under penance!
Your six-headed hydra is dazzled.
The cane toad stings you but does no damage.
The blink frog completely misses you. The basilisk gazes at you.
Your limbs have turned to stone.
The six-headed hydra bites your six-headed hydra!
The six-headed hydra bites your six-headed hydra. x2
The six-headed hydra bites your six-headed hydra! x3
Your six-headed hydra dies!
Your six-headed hydra's corpse shimmers and vanishes!
The blink frog closely misses you. The cane toad stings you!
* * * LOW HITPOINT WARNING * * *
You are lethally poisoned!
The cane toad poisons you!
You have turned to stone.
The basilisk gazes at you. You resist with almost no effort.
The blink frog blinks!
The cane toad stings you.
* * * LOW HITPOINT WARNING * * *
The six-headed hydra bites you but does no damage. x2
The six-headed hydra bites you. The six-headed hydra bites you!
The Shining One protects you from harm! The six-headed hydra bites you!
You die...

.#..#P...#.##..##.#P##...........
.#.########.##.#.####............
..#### ###..######.#............
.....####...P..P..#..#...........
.................................
...<.............................
......†>.........................
....#.#.#F.....§F§§..............
##.#.#####....§§@l§..............
#######.##....§§§D§..............
#.#.###.##....§§§................
.................................
.................................
.................................
.................................
.................................
.................................


You could see a six-headed hydra, a cane toad, a basilisk and a blink frog.

Vanquished Creatures
  A boulder beetle (D:12)
  An ogre mage (D:12)
  11 hydras
  A centaur warrior (D:12)
  A death yak (Lair:2)
  2 two-headed ogres (D:12)
  Sonja (Lair:4)
  Nergalle (D:10)
  A wizard (D:12)
  A phantasmal warrior (D:12)
  An ugly thing (D:12)
  3 cyclopes
  Joseph (D:9)
  4 manticores (D:12)
  5 black mambas
  A torpor snail (Lair:2)
  14 cane toads
  Maurice (D:10)
  3 gargoyles (D:12)
  A centaur skeleton (D:10)
  4 unseen horrors
  6 rime drakes (Lair:5)
  Psyche (D:9)
  A kobold demonologist (D:12)
  Maggie (D:9)
  11 komodo dragons
  A hornet (D:9)
  3 trolls
  A polar bear (Lair:3)
  2 dream sheep (D:8)
  11 blink frogs
  A slime creature (D:12)
  2 shadows
  A snapping turtle (Lair:3)
  3 wraiths
  2 wyverns (D:9)
  44 yaks
  A vampire (D:12)
  3 basilisks
  2 steam dragons
  9 vampire mosquitoes
  3 acid dragons
  23 water moccasins
  4 orc warriors
  A meliai simulacrum (D:10)
  A black bear (Lair:1)
  A sky beast (D:6)
  7 wolves
  6 centaurs
  2 kobold brigands
  4 gnoll sergeants
  18 bullfrogs
  A wyvern zombie (D:7)
  4 scorpions
  11 killer bees (D:11)
  3 howler monkeys
  7 centaur zombies
  2 bullfrog zombies (D:6)
  8 hounds
  5 jellies
  8 orc priests
  A bullfrog skeleton (D:5)
  Natasha (thrice) (D:2)
  2 iguanas
  9 orc wizards
  A howler monkey zombie (D:8)
  15 gnolls
  15 adders
  2 white imps
  An ufetubus (D:5)
  An adder skeleton (D:5)
  2 worms (D:2)
  4 dart slugs
  33 orcs
  8 ball pythons
  6 endoplasms
  2 giant cockroaches
  5 goblins
  7 hobgoblins
  5 jackals
  3 quokkas
  5 bats
  6 frilled lizards
  10 kobolds
  6 rats
  A fulminant prism (D:10)
437 creatures vanquished.

Vanquished Creatures (collateral kills)
  A hydra (Lair:4)
  A cane toad (Lair:4)
2 creatures vanquished.

Vanquished Creatures (others)
  3 dream sheep (D:8)
  226 fulminant prisms
  62 fungi
  134 plants
425 creatures vanquished.

Grand Total: 864 creatures vanquished

Notes
Turn   | Place    | Note
-------+----------+-------------------------------------------
     0 | D:1      | jestyr24 the Deep Elf Conjurer began the quest for the Orb.
     0 | D:1      | Reached XP level 1. HP: 10/10 MP: 6/6
   105 | D:1      | Upgraded the game from 0.27-a0-732-ga892ba84f6 to
                  | 0.27-a0-773-gaaee5cf45b
   225 | D:1      | Reached XP level 2. HP: 15/15 MP: 4/8
   776 | D:1      | Reached skill level 5 in Conjurations
  1062 | D:2      | Reached XP level 3. HP: 19/19 MP: 1/10
  1203 | D:2      | Learned a level 2 spell: Searing Ray
  1439 | D:2      | Reached skill level 4 in Spellcasting
  1454 | D:2      | Found a broken altar of Ashenzari.
  1471 | D:2      | Noticed Natasha
  1477 | D:2      | Killed Natasha
  1478 | D:2      | Reached XP level 4. HP: 24/24 MP: 4/12
  1558 | D:2      | Reached XP level 5. HP: 15/28 MP: 3/14
  2002 | D:2      | Reached skill level 5 in Spellcasting
  2267 | D:2      | Noticed Natasha
  2271 | D:2      | Killed Natasha
  2273 | D:2      | Noticed Natasha
  2277 | D:2      | Killed Natasha
  2743 | D:3      | Reached XP level 6. HP: 32/32 MP: 6/16
  3041 | D:3      | Found a glowing golden altar of the Shining One.
  3046 | D:3      | Became a worshipper of the Shining One
  3136 | D:3      | Learned a level 4 spell: Fulminant Prism
  3248 | D:3      | Found Unyuth's Antique Weapon Shoppe.
  3928 | D:4      | Found the +4 robe of Augmentation {Str+4 Int+4 Dex+4}
  4144 | D:4      | Found a blossoming altar of Fedhas.
  4307 | D:4      | Found a basalt altar of Yredelemnul.
  4348 | D:4      | Reached skill level 6 in Spellcasting
  4497 | D:4      | Reached XP level 7. HP: 35/36 MP: 4/18
  5157 | D:4      | Learned a level 3 spell: Dazzling Flash
  5164 | D:5      | Entered Level 5 of the Dungeon
  5621 | D:5      | Reached skill level 1 in Hexes
  6069 | D:6      | Reached skill level 1 in Shields
  6182 | D:6      | Reached * piety under the Shining One
  6184 | D:6      | Reached XP level 8. HP: 41/41 MP: 7/20
  6737 | D:6      | Reached skill level 7 in Spellcasting
  6802 | D:6      | Found a staircase to the Ecumenical Temple.
  7028 | D:7      | Found a snail-covered altar of Cheibriados.
  7201 | D:7      | Reached skill level 8 in Spellcasting
  7475 | D:7      | Reached XP level 9. HP: 45/45 MP: 21/23
  7479 | D:7      | Reached skill level 5 in Stealth
  7585 | D:7      | Learned a level 3 spell: Confusing Touch
  8214 | D:7      | Identified a scroll of acquirement
  8214 | D:7      | Acquired a staff of conjuration
  8569 | D:8      | Reached skill level 9 in Spellcasting
  8616 | D:8      | Found a bloodstained altar of Trog.
  8628 | D:8      | Found a shimmering altar of Xom.
  8836 | D:8      | Found an ornate altar of the Wu Jian Council.
  9067 | D:9      | Reached skill level 5 in Hexes
  9230 | D:9      | Identified the +5 scale mail of the Dolphin {rCorr SInv}
  9315 | D:9      | Noticed Psyche
  9318 | D:9      | Killed Psyche
  9319 | D:9      | Found a staircase to the Orcish Mines.
  9321 | D:9      | Noticed a troll
  9589 | D:9      | Found a staircase to the Lair.
  9597 | D:9      | Reached skill level 10 in Spellcasting
  9667 | D:9      | You fall into a shaft and drop 1 floor!
  9667 | D:10     | Entered Level 10 of the Dungeon
  9681 | D:10     | Reached ** piety under the Shining One
  9714 | D:10     | Reached skill level 5 in Dodging
  9740 | D:10     | Reached XP level 10. HP: 50/50 MP: 6/26
  9996 | D:9      | Noticed Maggie
 10000 | D:9      | Killed Maggie
 10164 | D:9      | Reached skill level 11 in Spellcasting
 10164 | D:9      | Reached skill level 10 in Conjurations
 10396 | D:9      | Noticed Joseph
 10403 | D:9      | Killed Joseph
 10840 | D:10     | Noticed Maurice
 10848 | D:10     | Noticed Nergalle
 10849 | D:10     | Killed Maurice
 10859 | D:10     | Killed Nergalle
 11160 | D:10     | Reached skill level 1 in Fighting
 11379 | D:10     | Reached *** piety under the Shining One
 11384 | D:10     | Reached XP level 11. HP: 58/58 MP: 23/28
 11687 | D:11     | Reached skill level 1 in Invocations
 11687 | D:11     | Reached skill level 1 in Evocations
 11958 | D:11     | Reached skill level 12 in Spellcasting
 12628 | D:11     | Reached **** piety under the Shining One
 13346 | D:12     | Noticed a red ugly thing
 13397 | D:12     | Killed a red ugly thing
 13398 | D:12     | Reached skill level 10 in Hexes
 13486 | D:12     | Found an ornate altar of the Wu Jian Council.
 13696 | D:12     | Found a portal to a secret trove of treasure.
 13864 | D:12     | Noticed a wizard
 13913 | D:12     | Noticed a centaur warrior
 13916 | D:12     | Killed a wizard
 13917 | D:12     | Reached skill level 13 in Spellcasting
 13917 | D:12     | Killed a centaur warrior
 13918 | D:12     | Reached XP level 12. HP: 67/67 MP: 26/31
 13972 | D:12     | Noticed a boulder beetle
 13981 | D:12     | Killed a boulder beetle
 14501 | D:12     | Noticed an ogre mage
 14504 | D:12     | Killed an ogre mage
 14558 | D:12     | Noticed a two-headed ogre
 14565 | D:12     | Killed a two-headed ogre
 14648 | D:12     | Noticed a two-headed ogre
 14649 | D:12     | Reached skill level 14 in Spellcasting
 14649 | D:12     | Killed a two-headed ogre
 15403 | D:12     | Paralysed by a centaur for 7 turns
 15803 | Lair:1   | Entered Level 1 of the Lair of Beasts
 16084 | Lair:1   | Noticed a four-headed hydra
 16090 | Lair:1   | Killed a four-headed hydra
 16091 | Lair:1   | Reached XP level 13. HP: 70/72 MP: 17/33
 17145 | Lair:2   | Reached skill level 15 in Spellcasting
 17151 | Lair:2   | Learned a level 5 spell: Metabolic Englaciation
 19303 | Lair:3   | Reached skill level 5 in Invocations
 19303 | Lair:3   | Reached XP level 14. HP: 76/76 MP: 35/35
 19304 | Lair:3   | Reached skill level 5 in Fighting
 19304 | Lair:3   | Reached skill level 16 in Spellcasting
 19304 | Lair:3   | Reached skill level 5 in Evocations
 19304 | Lair:3   | Reached XP level 15. HP: 82/82 MP: 35/37
 19367 | Lair:3   | Found a staircase to the Shoals.
 20270 | Lair:4   | Noticed Sonja
 20519 | Lair:4   | Killed Sonja
 21355 | Lair:5   | Reached skill level 15 in Hexes
 21932 | Lair:5   | Found a runed translucent door.
 21934 | Lair:5   | Found a viscous altar of Jiyva.
 21937 | Lair:5   | Found a staircase to the Slime Pits.
 22548 | Lair:6   | Entered Level 6 of the Lair of Beasts
 22609 | Lair:6   | Reached skill level 17 in Spellcasting
 22903 | Lair:6   | Reached ***** piety under the Shining One
 23083 | Lair:6   | Reached XP level 16. HP: 87/87 MP: 13/39
 23083 | Lair:6   | Upgraded the game from 0.27-a0-773-gaaee5cf45b to
                  | 0.27-a0-789-g6bb3289e1e
 23279 | Lair:5   | HP: 2/87 [cane toad (8)]
 23280 | Lair:5   | The Shining One protects you from harm!
 23280 | Lair:5   | Slain by a six-headed hydra

Illustrated notes

Levels and vault maps discovered:
D:1:      minmay_arrival_hallway, layout_basic, amethyst_killhole
D:2:      minmay_general_purpose_star, layout_basic,
          nicolae_ashenzari_panopticon, minmay_misc_feat_plants, uniq_natasha
D:3:      layout_loops_ring, marbit_many_paths, serial_shops, shop
D:4:      layout_basic, general_overflow_altar, kennysheep_little_box,
          hex_intersection
D:5:      layout_cave_pools
D:6:      layout_cave_pools, minmay_temple_entry_antechambers, dk_noncrumbling_4
D:7:      layout_cave_pools, overflow_temple_1_default
D:8:      layout_loops_cross, kennysheep_mini_moat, lemuel_crystal_altar,
          kb_xom_exploding_sheep
D:9:      layout_cave_pods, lair_entry_dummy, orc_0_dummy,
          hangedman_abyss_or_decor_passed, uniq_maggie, uniq_psyche, uniq_joseph
D:10:     layout_small_grid, hangedman_weighted_door, uniq_nergalle,
          uniq_maurice
D:11:     layout_basic
D:12:     minmay_connected_boxes_in_corner, layout_loops_corners,
          nicolae_trove_entry_columns, basic_altar
Lair:1:   layout_cellular_growth, beast_lair_carwin_6
Lair:2:   layout_misc_corridors, minmay_snake_entry_six_corridors,
          hangedman_lair_unloving_vines
Lair:3:   layout_chaotic_city, minmay_shoals_entry_hut, st_stairs_13,
          minivault_25, lemuel_fruit_fields
Lair:4:   layout_regular_city, chequers_serial_rivers_micro_b,
          chequers_serial_rivers_large_a, st_stairs_7, grunt_megastairs_1,
          uniq_sonja
Lair:5:   wander_river, layout_long_grid, slime_altar_2, minmay_lair_drake_nest
Lair:6:   minmay_lair_end_frog_pond, layout_gridlike, lemuel_fruit_fields

Skill      XL: |  1  2  3  4  5  6  7  8  9 10 11 12 13 14 15 |
---------------+----------------------------------------------+-----
Conjurations   | 5 6 7 8 9 10 11 12 13 14 | 14.4
Spellcasting   | 4 5 6 8 10 11 13 14 15 16 17 | 17.2
Dodging        | 3 4 5 6 7 |  7.7
Stealth        | 3 4 5 6 7 8 |  8.0
Hexes          | 1 3 7 9 10 13 14 15 | 15.4
Shields        | 2 4 |  4.6
Fighting       | 2 4 5 |  5.2
Invocations    | 2 5 |  5.6
Evocations     | 2 4 5 |  5.5

Action                   |  1- 3 |  4- 6 |  7- 9 | 10-12 | 13-15 | 16-18 || total
-------------------------+-------+-------+-------+-------+-------+-------++-------
Melee: Dagger            |       |     2 |       |       |       |       ||     2
       Hand crossbow     |       |       |     2 |       |       |       ||     2
       Staff             |       |       |    14 |    10 |    14 |     2 ||    40
 Cast: Magic Dart        |    74 |    89 |   107 |    51 |    38 |     2 ||   361
       Searing Ray       |     2 |    12 |    52 |    75 |    41 |     2 ||   184
       Fulminant Prism   |       |       |    20 |   106 |    99 |     2 ||   227
       Dazzling Flash    |       |       |     5 |     3 |       |     1 ||     9
       Confusing Touch   |       |       |     3 |     1 |       |       ||     4
       Metabolic Englaci |       |       |       |       |    24 |     1 ||    25
Evoke: Wand              |       |       |       |     2 |     4 |       ||     6
       Box of beasts     |       |       |       |       |     1 |       ||     1
       Phantom mirror    |       |       |       |       |       |     1 ||     1
  Use: Scroll            |       |     4 |    10 |     2 |    10 |     1 ||    27
       Potion            |       |       |     1 |     1 |     4 |       ||     6
 Stab: Sleeping          |       |     1 |       |       |       |       ||     1
Armor: Robe              |       |     1 |    41 |    39 |    15 |    13 ||   109
Dodge: Dodged            |     1 |     6 |    55 |    46 |    25 |    25 ||   158
Block: Buckler           |       |       |    44 |    47 |    26 |    16 ||   133
       Reflection        |       |       |     6 |     8 |     2 |       ||    16

Table legend: (Time is in decaauts)
 A = Elapsed time spent in this place.
 B = Non-inter-level travel time spent in this place.
 C = Inter-level travel time spent in this place.
 D = Time resting spent in this place.
 E = Time spent auto-exploring this place.
 F = Levels seen in this place.
 G = Mean time per level.
                   A        B        C        D        E       F      G
               +--------+--------+--------+--------+--------+-----+--------+
         Total |  23350 |  22150 |   1200 |   7959 |   7294 |  18 | 1297.2 |
       Dungeon |  16029 |  15133 |    896 |   4758 |   6243 |  12 | 1335.8 |
          Lair |   7320 |   7016 |    304 |   3201 |   1051 |   6 | 1220.0 |
               +--------+--------+--------+--------+--------+-----+--------+

Top non-repeatable levels by time:
    D:12: 2561 daAuts
     D:9: 1829 daAuts
  Lair:4: 1813 daAuts
  Lair:5: 1763 daAuts
  Lair:1: 1762 daAuts
     D:2: 1757 daAuts
     D:4: 1582 daAuts
    D:11: 1431 daAuts
  Lair:3: 1404 daAuts
     D:1: 1159 daAuts
     D:6: 1141 daAuts
    D:10: 1127 daAuts
     D:3: 1026 daAuts
     D:7: 938 daAuts
     D:8: 828 daAuts
